 Dungeon Crawl Stone Soup version 0.27-a0-1555-g0e7b3fb1d2 (webtiles) character file.

Game seed: 2992688956541348357

253 wakim the Digger (level 6, -2/48 HPs)
             Began as a Gargoyle Earth Elementalist on July 14, 2021.
             Slain by an elf zombie (3 damage)
             ... in an ossuary.
             The game lasted 00:10:16 (2618 turns).

wakim the Digger (Gargoyle Earth Elementalist)      Turns: 2618, Time: 00:10:17

Health: -2/48      AC: 23    Str: 13    XL:     6   Next: 14%
Magic:  9/9        EV:  2    Int: 18    God:
Gold:   157        SH:  0    Dex: 10    Spells: 5/9 levels left

rFire    . . .     SeeInvis .   a - +9 mace "Keoffa Luid" {vorpal, rPois Str+2}
rCold    . . .     Faith    .   (no shield)
rNeg     + + +     Spirit   .   (armour currently unavailable)
rPois    ∞         Reflect  .   (helmet currently unavailable)
rElec    .         Harm     .   (cloak currently unavailable)
rCorr    .         Rampage  .   (gloves currently unavailable)
Will     .....     NoTele   +   (boots currently unavailable)
Stlth    ++........             (no amulet)
HPRegen  0.16/turn              i - +4 ring of slaying
MPRegen  0.11/turn              (no ring)

@: tree-form
A: stationary, stasis, torment immunity, boosted hp, sickness immunity, AC +4,
negative energy resistance 1, (electricity resistance), torment resistance 1,
petrification resistance
a: no special abilities


You were in an ossuary.
You were a tree.
You visited 1 branch of the dungeon, and saw 4 of its levels.
You also visited: Ossuary.

You collected 157 gold pieces.

Inventory:

Hand Weapons
 a - the +9 mace "Keoffa Luid" (weapon) {vorpal, rPois Str+2}
   (You found it on level 4 of the Dungeon)

   It inflicts extra damage upon your enemies.
   Str:       It affects your strength (+2).
   rPois:     It protects you from poison.
 b - a +1 flail of holy wrath
Missiles
 c - a throwing net {=f!f}
 s - 111 stones
Armour
 e - a +1 cloak (melded)
 f - a +0 robe (melded)
 j - a +0 kite shield
Jewellery
 i - a +4 ring of slaying (left branch)
Wands
 t - a wand of digging (6)
Scrolls
 h - 3 scrolls of teleportation {unknown}
 r - a scroll of identify
 W - a scroll of holy word
Potions
 g - a potion of heal wounds {unknown}
 G - a potion of flight
 L - 2 potions of lignification {!q}
 O - 3 potions of resistance


   Skills:
 - Level 2.7 Dodging
 - Level 2.1 Stealth
 - Level 2.0 Spellcasting
 * Level 2.7 Conjurations
 - Level 0.7 Transmutations
 * Level 6.5 Earth Magic


You had 5 spell levels left.
You knew the following spells:

 Your Spells              Type           Power      Damage    Failure   Level
a - Sandblast             Erth           50%        2d12      1%          1
x - Stone Arrow           Conj/Erth      36%        3d9       9%          3

Your spell library contained the following spells:

 Spells                   Type           Power      Damage    Failure   Level
 Passwall                 Tmut/Erth      11%        N/A       6%          2
 Static Discharge         Conj/Air       6%         N/A       16%         2
 Petrify                  Tmut/Erth      14%        N/A       38%         4
 Sticky Flame             Conj/Fire      6%         2d3       71%         4
 Dispel Undead            Necr           1%         3d6       87%         4


Dungeon Overview and Level Annotations

Branches:
Dungeon (4/15)             Temple (0/1) D:4         Ossuary (1/1)

Altars:

Annotations:
D:4 Blork the orc


Innate Abilities, Weirdness & Mutations

You are a tree.
Your roots penetrate the ground, keeping you stationary.
You cannot be teleported.
You are immune to unholy pain and torment.
Your maximum health is greatly increased.
Your equipment is partially melded.
You are immune to sickness and miasma.
((Your stone body is resilient. (AC +4)))
You are immune to poison.
You resist negative energy. (rN+)
((You are resistant to electric shocks. (rElec)))
You are resistant to unholy torment.
You are immune to petrification.


Message History

The gnoll zombie closely misses you. The kobold zombie closely misses you.
The orc zombie closely misses you. The goblin zombie misses you.
The rat zombie misses you.
You bludgeon the rat zombie!!
You destroy the rat zombie!
The jackal zombie misses you.
Your bullfrog skeleton hits the jackal zombie.
The kobold zombie hits you but does no damage.
The gnoll zombie hits you.
* * * LOW HITPOINT WARNING * * *
The kobold zombie barely misses you. The elf zombie hits you.
* * * LOW HITPOINT WARNING * * *
The orc zombie hits you but does no damage.
The goblin zombie barely misses you. The jackal zombie barely misses you.
Your orc zombie hits the goblin zombie.
Your orc skeleton hits the kobold zombie.
It was a potion of lignification.
You turn into a tree.
Your +1 cloak melds into your body.
Your +0 robe melds into your body.
Your roots penetrate the ground.
L - 2 potions of lignification Your bullfrog skeleton hits the jackal zombie.
The kobold zombie hits you but does no damage.
The jackal zombie bites your bullfrog skeleton.
The kobold zombie hits you but does no damage.
The elf zombie hits you but does no damage.
The gnoll zombie hits you but does no damage.
The orc zombie hits you but does no damage.
Your bullfrog skeleton hits the jackal zombie.
The goblin zombie hits you but does no damage.
Your orc zombie hits the goblin zombie.
It was a potion of flight.
Your roots keep you in place.
G - a potion of flight Your orc skeleton barely misses the kobold zombie.
The jackal zombie bites your bullfrog skeleton.
Your bullfrog skeleton hits the jackal zombie.
The jackal zombie is destroyed!
The kobold zombie hits you but does no damage.
The gnoll zombie hits you but does no damage.
The elf zombie hits you.
You die...

...............
...............
...............
...............
...............
...............
......ZZZ......
.....Z.♣∩......
.....ZZZZ......
.........Z.....
...............
...............
...............
...............
...............


You could see a goblin zombie (ally target), a gnoll zombie, 2 kobold zombies,
an orc zombie, an elf zombie, a friendly orc zombie (summoned), a friendly
bullfrog skeleton (summoned) and a friendly orc skeleton (summoned).

Vanquished Creatures
  A water moccasin skeleton (D:4)
  Crazy Yiuf (D:4)
  A hound zombie (Ossuary)
  Robin (D:4)
  4 gnolls (D:2)
  2 adders
  An adder skeleton (D:4)
  A dart slug (D:2)
  5 ball pythons
  4 endoplasms
  4 giant cockroaches
  15 goblins
  7 hobgoblins
  9 jackals
  5 kobolds
  5 quokkas
  6 bats
  A frilled lizard (D:3)
  A hobgoblin zombie (D:4)
  A jackal zombie (Ossuary)
  2 kobold zombies
  2 orc zombies
  8 rats
  A rat zombie (Ossuary)
88 creatures vanquished.

Vanquished Creatures (collateral kills)
  A jackal zombie (Ossuary)
1 creature vanquished.

Grand Total: 89 creatures vanquished

Notes
Turn   | Place    | Note
-------+----------+-------------------------------------------
     0 | D:1      | wakim the Gargoyle Earth Elementalist began the quest for
                  | the Orb.
     0 | D:1      | Reached XP level 1. HP: 10/10 MP: 3/3
    27 | D:1      | Found a faded altar of an unknown god.
   157 | D:1      | You fall into a shaft and drop 1 floor!
   170 | D:2      | Reached skill level 4 in Earth Magic
   206 | D:2      | Reached XP level 2. HP: 15/15 MP: 1/5
   778 | D:2      | Reached XP level 3. HP: 19/19 MP: 6/6
   872 | D:2      | Reached skill level 5 in Earth Magic
   874 | D:2      | Reached XP level 4. HP: 24/24 MP: 7/7
   905 | D:1      | Learned a level 3 spell: Stone Arrow
  2160 | D:4      | Noticed Blork the orc
  2213 | D:4      | Noticed Robin
  2305 | D:4      | Reached skill level 1 in Conjurations
  2381 | D:4      | Reached skill level 6 in Earth Magic
  2381 | D:4      | Reached XP level 5. HP: 14/28 MP: 8/8
  2470 | D:4      | Found a runed translucent door.
  2471 | D:4      | Noticed Crazy Yiuf
  2478 | D:4      | Killed Crazy Yiuf
  2482 | D:4      | Identified the +9 mace "Keoffa Luid" {vorpal, rPois Str+2}
  2559 | D:4      | Killed Robin
  2560 | D:4      | Reached XP level 6. HP: 16/32 MP: 5/9
  2578 | D:4      | Found a staircase to the Ecumenical Temple.
  2585 | D:4      | Found a sand-covered staircase.
  2599 | Ossuary  | Entered an ossuary
  2616 | Ossuary  | HP: 1/32 [elf zombie (3)]
  2618 | Ossuary  | Slain by an elf zombie

Illustrated notes

Levels and vault maps discovered:
D:1:      grunt_arrival_lava_bath, layout_loops_cross,
          ebering_ecumenical_altar_rust
D:2:      layout_rooms
D:3:      layout_basic
D:4:      layout_rooms, mainiacjoe_overflow_paths, temple_doors_e,
          enter_ossuary_3, chequers_serial_rivers_large_a, uniq_blork_the_orc,
          uniq_crazy_yiuf_cottage, uniq_robin
Ossuary:  ossuary_minmay_tomb_2a

Skill      XL: |  1  2  3  4  5 |
---------------+----------------+-----
Earth Magic    | 4 5 6 |  6.5
Dodging        | 2 |  2.7
Conjurations   | 1 2 |  2.7
Stealth        | |  2.1
Spellcasting   | |  2.0
Transmutations | |  0.7

Action                   |  1- 3 |  4- 6 || total
-------------------------+-------+-------++-------
Melee: Whip              |    37 |       ||    37
       Unarmed           |     4 |       ||     4
       Flail             |     7 |   121 ||   128
       Mace              |       |    35 ||    35
 Cast: Sandblast         |    14 |    12 ||    26
  Use: Scroll            |       |     4 ||     4
       Potion            |       |     2 ||     2
 Stab: Sleeping          |     2 |     6 ||     8
Armor: Robe              |    12 |   112 ||   124
       Skin              |       |     8 ||     8
Dodge: Dodged            |    35 |   207 ||   242

Table legend: (Time is in decaauts)
 A = Elapsed time spent in this place.
 B = Non-inter-level travel time spent in this place.
 C = Inter-level travel time spent in this place.
 D = Time resting spent in this place.
 E = Time spent auto-exploring this place.
 F = Levels seen in this place.
 G = Mean time per level.
                   A        B        C        D        E       F      G
               +--------+--------+--------+--------+--------+-----+--------+
         Total |   2687 |   2457 |    230 |      0 |   1676 |   5 |  537.4 |
       Dungeon |   2664 |   2434 |    230 |      0 |   1676 |   4 |  666.0 |
       Ossuary |     23 |     23 |      0 |      0 |      0 |   1 |   23.0 |
               +--------+--------+--------+--------+--------+-----+--------+

Top non-repeatable levels by time:
     D:2: 950 daAuts
     D:1: 741 daAuts
     D:3: 682 daAuts
     D:4: 290 daAuts
 Ossuary: 23 daAuts
